 Dungeon Crawl Stone Soup version 0.30-a0-34-gbe8da3892a (webtiles) character file.

Game seed: 3574393021435556178

28 ytrimaz the Insei (level 3, 0/34 HPs)
             Began as an Octopode Transmuter on Aug 27, 2022.
             Slain by a black bear (6 damage)
             ... on level 4 of the Dungeon.
             The game lasted 00:01:33 (2038 turns).

ytrimaz the Insei (Octopode Transmuter)             Turns: 2038, Time: 00:01:33

Health: 0/34       AC: 21    Str:  9    XL:     3   Next: 14%
Magic:  7/15       EV:  2    Int: 17    God:
Gold:   64         SH:  0    Dex: 12    Spells: 0/6 levels left

rFire   . . .      SeeInvis .      - Unarmed
rCold   . . .      Faith    .    (no shield)
rNeg    . . .      Spirit   .    (helmet currently unavailable)
rPois   +          Reflect  .    (no amulet)
rElec   .          Harm     .    b - ring of magical power
rCorr   .          Rampage  .    (no ring)
Will    .....      NoTele   +    (no ring)
Stlth   +.........               (no ring)
HPRegen 0.11/turn                (no ring)
MPRegen 0.14/turn                (no ring)
                                 (no ring)
                                 (no ring)

@: tree-form, very slightly contaminated
A: stationary, stasis, torment immunity, boosted hp, almost no armour,
(amphibious), 8 rings, (camouflage 1), (gelatinous body 1), (nimble swimmer 1),
(tentacles)
a: no special abilities


You were on level 4 of the Dungeon.
You were a tree.
You visited 1 branch of the dungeon, and saw 4 of its levels.

You collected 64 gold pieces.

Inventory:

Jewellery
 b - a ring of magical power (left branch)
Wands
 g - a wand of polymorph (4)
Scrolls
 e - a scroll of brand weapon {unknown}
 h - a scroll of noise {unknown}
Potions
 c - a potion of berserk rage {unknown}
 d - 2 potions of attraction
 f - 2 potions of cancellation {unknown}


   Skills:
 - Level 1.0 Fighting
 - Level 2.0 Dodging
 - Level 4.0 Unarmed Combat
 + Level 2.1 Spellcasting
 + Level 2.1 Transmutations
 * Level 0.5 Poison Magic


You couldn't memorise any spells.
You knew the following spells:

 Your Spells              Type           Power      Damage    Failure   Level
a - Beastly Appendage     Tmut           16%        N/A       9%          1
b - Wereblood             Tmut           8%         N/A       12%         2
c - Spider Form           Tmut/Pois      6%         N/A       34%         3

Your spell library contained the following spells:

 Spells                   Type           Power      Damage    Failure   Level
 Inner Flame              Hex/Fire       1%         N/A       50%         3
 Ice Form                 Ice/Tmut       5%         N/A       77%         4
 Cause Fear               Hex            0%         N/A       88%         4
 Discord                  Hex            0%         N/A       100%        8


Dungeon Overview and Level Annotations

Branches:
Dungeon (4/15)
 Temple: D:4-7

Altars:

Shops:
D:2 (


Innate Abilities, Weirdness & Mutations

You are a tree.
Your roots penetrate the ground, keeping you stationary.
You cannot be teleported.
You are immune to unholy pain and torment.
Your maximum health is greatly increased.
You cannot wear most types of armour.
((You are amphibious.))
You can wear up to eight rings at the same time.
((Your skin changes colour to match your surroundings (Stealth+).))
((Your rubbery body absorbs attacks. (AC +1, EV +1)))
((You are camouflaged when in or above water. (Stealth+)))
((You have tentacles for arms and can constrict up to eight enemies at once.))


Message History

You climb downwards.
There is a stone staircase leading up here.
The kobold shouts!
You bite the black bear!
The black bear is poisoned.
The black bear is moderately wounded.
The black bear bites you! The black bear closely misses you.
The black bear claws you.
You hit the black bear.
The black bear looks as sick as possible!
The black bear is moderately wounded.
The black bear misses you.
The black bear claws you but does no damage.
The black bear completely misses you.
You hit the black bear.
The black bear is heavily wounded.
The black bear closely misses you. The black bear barely misses you. x2
You hit the black bear.
The black bear looks as sick as possible!
The black bear is severely wounded.
The black bear goes berserk!
You barely miss the black bear.
The black bear is almost dead.
The black bear completely misses you. The black bear misses you.
The black bear closely misses you.
Unknown command.
You hit the black bear but do no damage.
The black bear is almost dead.
Your transformation is almost over.
The black bear closely misses you. The black bear barely misses you.
The black bear claws you but does no damage.
The kobold misses you. The black bear barely misses you.
The black bear claws you. x2
* * * LOW HITPOINT WARNING * * *
Really quaff the potion of lignification?
Your transformation has ended.
You turn into a tree.
Your roots penetrate the ground.
The black bear bites you.
* * * LOW HITPOINT WARNING * * *
The black bear claws you.
You die...

###### #..... #....
.... ##+# #..# ##### #
....###..####...###...#
.........#.....♣h......
.........'......K......
.........#.............
#.####..##########+####
###..# #....# #....#
#....# +....#


You could see a black bear (berserk, extremely poisoned) and a kobold.

Vanquished Creatures
  A dart slug (D:2)
  5 ball pythons
  A bat (D:1)
  4 endoplasms
  A goblin (D:1)
  A hobgoblin (D:2)
  2 quokkas (D:1)
  9 frilled lizards (D:1)
  2 kobolds (D:1)
  A rat (D:2)
27 creatures vanquished.

Vanquished Creatures (others)
  7 plants (D:1)
7 creatures vanquished.

Grand Total: 34 creatures vanquished

Notes
Turn   | Place    | Note
-------+----------+-------------------------------------------
     0 | D:1      | ytrimaz the Octopode Transmuter began the quest for the
                  | Orb.
     0 | D:1      | Reached XP level 1. HP: 13/13 MP: 3/3
    44 | D:1      | Noticed a water moccasin
    44 | D:1      | Noticed a rime drake
    44 | D:1      | Noticed a polar bear
    45 | D:1      | Noticed a killer bee
    45 | D:1      | Noticed a wolf
   488 | D:1      | Reached XP level 2. HP: 15/18 MP: 2/5
   727 | D:1      | Found a faded altar of an unknown god.
  1266 | D:1      | Reached skill level 4 in Unarmed Combat
  1572 | D:2      | Found Ysixoewk's Weapon Shop.
  1593 | D:2      | Reached XP level 3. HP: 12/23 MP: 6/6
  1596 | D:2      | Learned a level 2 spell: Wereblood
  1600 | D:2      | Learned a level 3 spell: Spider Form
  2011 | D:2      | You fall into a shaft and drop 2 floors!
  2023 | D:4      | Noticed a black bear
  2038 | D:4      | Slain by a black bear

Illustrated notes

Levels and vault maps discovered:
D:1:      onia_arrival_zoo_common, layout_rooms, ebering_ecumenical_altar_box,
          chequers_jeans, roderic_lattice_a, minmay_lizard_king
D:2:      layout_loops_corners, serial_shops, nicolae_shop_bloodbath_and_beyond,
          serial_aquarium, aquarium_bridge_square [aquarium_subvault_bridge,
          aquarium_subvault_bridge, aquarium_subvault_wall,
          aquarium_subvault_wall], aquarium_bridge_square
          [aquarium_subvault_wall, aquarium_subvault_bridge,
          aquarium_subvault_wall, aquarium_subvault_wall],
          aquarium_window_corridor_3, aquarium_window_fake, aquarium_view_2d,
          aquarium_view_2b, aquarium_pool_five, chequers_garden
D:3:      minmay_skewed_foursquare, layout_basic, marbit_many_paths,
          general_overflow_altar, uniq_sigmund
D:4:      layout_gridville, minmay_temple_entry_drinking_statues, serial_shops,
          shop, serial_undead, serial_undead_d, serial_undead_e,
          serial_undead_a, serial_undead_c, serial_undead_b, serial_undead_e

Skill      XL: |  1  2 |
---------------+-------+-----
Unarmed Combat | 4 |  4.0
Fighting       | |  1.0
Dodging        | |  2.0
Spellcasting   | |  2.1
Transmutations | |  2.1
Poison Magic   | |  0.5

Action                   || total
-------------------------++-------
Melee: Unarmed           ||    59
       Kick              ||     9
       Constrict         ||    10
       Tentacles         ||     3
 Cast: Beastly Appendage ||    15
       Spider Form       ||     1
  Use: Scroll            ||     1
       Potion            ||     1
 Stab: Sleeping          ||     7
Armor: Skin              ||     3
Dodge: Dodged            ||    35

Table legend: (Time is in decaauts)
 A = Elapsed time spent in this place.
 B = Non-inter-level travel time spent in this place.
 C = Inter-level travel time spent in this place.
 D = Time resting spent in this place.
 E = Time spent auto-exploring this place.
 F = Levels seen in this place.
 G = Mean time per level.
                   A        B        C        D        E       F      G
               +--------+--------+--------+--------+--------+-----+--------+
         Total |   2033 |   2003 |     30 |    139 |   1648 |   4 |  508.2 |
       Dungeon |   2033 |   2003 |     30 |    139 |   1648 |   4 |  508.2 |
               +--------+--------+--------+--------+--------+-----+--------+

Top non-repeatable levels by time:
     D:1: 1498 daAuts
     D:2: 507 daAuts
     D:4: 22 daAuts
     D:3: 4 daAuts
